Map: Stasis LE

Players

Smileblind - Winner!

  • Race: Protoss Protoss
  • League: Silver
  • Spawn Location: 1:00

VOD

Have the link to the VOD?

Description

Time

  • Played on: Jan. 20, 2019, 5:43 a.m.
  • Length: 5:20
Show
View Real Time Build Order
Export as new Build Order

Smileblind Protoss - Winner!

Build Orders:  

Get SALT Encoding   

  12  0:07  Probe (Chrono Boost)  
  13  0:22  Pylon  
  13  0:32  Probe (Chrono Boost)  
  14  0:49  Probe (Chrono Boost)  
  15  1:03  Forge  
  15  1:06  Probe (Chrono Boost)  
  16  1:21  Pylon  
  16  1:23  Probe (Chrono Boost)  
  17  1:35  Assimilator  
  17  1:45  Pylon  
  17  1:57  Photon Cannon  
  17  2:04  Pylon  
  17  2:20  Photon Cannon  
  17  2:34  Photon Cannon  
  17  2:47  Pylon  
  17  2:58  Photon Cannon  
  17  3:16  Photon Cannon  
  17  3:26  Pylon  
  17  3:38  Pylon  
  17  3:57  Photon Cannon  
  17  4:15  Pylon  
  17  4:25  Photon Cannon  
  17  4:37  Photon Cannon  
  17  4:47  Pylon  
  17  4:53  Photon Cannon  
  17  5:19  Photon Cannon  
Tags
 
League
Silver
Matchup
Co-op
Add a new tag
Caveats
  • Supply blocks, unpowered buildings, or Contaminate may cause inaccurate times.
  • Supply counts are checked every 10 seconds.